 Dungeon Crawl Stone Soup version 0.18-a0-1797-gc18daef (webtiles) character file.

294789 4thArraOfDagon the Spry (level 20, -5/162 HPs)
             Began as a Mummy Artificer on Apr 22, 2016.
             Was an Initiate of Gozag.
             Killed from afar by a lich (64 damage)
             ... with a crystal spear
             ... on level 3 of the Depths on Apr 23, 2016.
             The game lasted 02:47:37 (30036 turns).

4thArraOfDagon the Spry (Mummy Artificer)          Turns: 30036, Time: 02:47:38

Health: -5/162     AC: 37    Str: 46    XL:     20   Next: 4%
Magic:  28/28      EV: 30    Int: 12    God:    Gozag
Gold:   2689       SH: 12    Dex: 25    Spells: 4 memorised, 13 levels left

rFire  + . .     SeeInvis .     d - +8 long sword "Hourirat" {drain, rElec rF+}
rCold  + + .     Gourm    .     E - +7 chain mail of Happiness {Regen+}
rNeg   + + +     Faith    .     C - +0 buckler "Ynlez" {rF+ rC- rN+ Str+4}
rPois  ∞         Spirit   .     w - +0 helmet "Seinwa" {Str+5 Int-3 Dex+10}
rElec  +         Dismiss  .     R - +3 cloak of Amnutz {*Drain rC++ rN++}
rCorr  .         Reflect  +     A - +1 pair of gloves of Trumpets {-Cast MR++ Str+6}
SustAt .         Harm     .     j - +2 pair of boots "Buafol" {Str+6 Int-4}
MR     +++++     NoCast   +     Z - amulet of Uvi Ohoo {Reflect Str+4 SH+5}
Stlth  ..........               V - ring of Iklec {EV+4 Str+6}
                                b - ring "Coumail" {rPois MR+ AC+4 Dex+2}

@: almost entirely resistant to hostile enchantments, extremely unstealthy
A: no food or potions, fire vulnerability, cold resistance 1, negative energy
resistance 3, torment resistance, unbreathing, in touch with death 1, restore
body
a: Self-Restoration, Potion Petition, Call Merchant, Bribe Branch, Renounce
Religion
}: 2/15 runes: barnacled, gossamer


You were on level 3 of the Depths.
You worshipped Gozag.
Gozag was noncommittal.
You were not hungry.

You visited 8 branches of the dungeon, and saw 41 of its levels.
You visited 1 bazaar.
You also visited: Labyrinth and Sewer.

You collected 16563 gold pieces.
You spent 3987 gold pieces at shops.
You paid 9887 gold pieces to Gozag.

Inventory:

Hand Weapons
 c - a +1 double sword of flaming
 d - the +8 long sword "Hourirat" (weapon) {drain, rElec rF+}
   (You bought it in a shop on level 3 of the Elven Halls)

   A truly terrible weapon, it drains the life of those it strikes.
   It protects you from fire.
   It insulates you from electricity.
Missiles
 I - 3 poisoned tomahawks
 S - 3 throwing nets (quivered)
Armour
 j - the +2 pair of boots "Buafol" (worn) {Str+6 Int-4}
   (You bought it in a shop on level 9 of the Dungeon)

   It affects your strength (+6).
   It affects your intelligence (-4).
 k - the +2 scale mail of Filth {rF++}
   (You found it on level 8 of the Lair of Beasts)

   It greatly protects you from fire.
 w - the +0 helmet "Seinwa" (worn) {Str+5 Int-3 Dex+10}
   (You bought it in a shop on level 9 of the Dungeon)

   It affects your strength (+5).
   It affects your intelligence (-3).
   It affects your dexterity (+10).
 A - the +1 pair of gloves of Trumpets (worn) {-Cast MR++ Str+6}
   (You bought it in a shop on level 3 of the Elven Halls)

   It affects your strength (+6).
   It affects your resistance to hostile enchantments.
   It prevents spellcasting.
 C - the +0 buckler "Ynlez" (worn) {rF+ rC- rN+ Str+4}
   (You found it on level 3 of the Depths)

   It affects your strength (+4).
   It protects you from fire.
   It makes you vulnerable to cold.
   It protects you from negative energy.
 E - the +7 chain mail of Happiness (worn) {Regen+}
   (You bought it in a shop on level 1 of the Shoals)

   It increases your rate of regeneration.
 O - the +2 cloak of Tartarus {-Tele rF++ Dex+2 SInv}
   (You bought it in a shop on level 3 of the Depths)

   It affects your dexterity (+2).
   It greatly protects you from fire.
   It lets you see invisible.
   It prevents most forms of teleportation.
 Q - a +3 buckler of protection
 R - the +3 cloak of Amnutz (worn) {*Drain rC++ rN++}
   (You found it on level 8 of the Lair of Beasts)

   It greatly protects you from cold.
   It greatly protects you from negative energy.
   It causes draining when unequipped.
 T - a +3 buckler of fire resistance
Magical Staves
 D - an uncursed staff of energy {!a}
Rods
 l - a +3 rod of inaccuracy (14/14)
   (You found it on level 3 of the Elven Halls)
 r - a +3 iron rod (13/13)
   (You found it on level 3 of the Elven Halls)
Jewellery
 a - the ring "Jian" {*Contam +Fly rElec rC+ Dex+5}
   (You bought it in a shop on level 9 of the Dungeon)

   [ring of flight]

   It affects your dexterity (+5).
   It protects you from cold.
   It insulates you from electricity.
   It lets you fly.
   It causes magical contamination when unequipped.
 b - the ring "Coumail" (left hand) {rPois MR+ AC+4 Dex+2}
   (You found it on level 3 of the Elven Halls)

   [ring of protection]

   It affects your AC (+4).
   It affects your dexterity (+2).
   It protects you from poison.
   It affects your resistance to hostile enchantments.
 g - a +2 ring of slaying
 p - an uncursed ring of protection from fire
 v - an uncursed ring of protection from cold
 M - an uncursed ring of protection from fire
 V - the ring of Iklec (right hand) {EV+4 Str+6}
   (You found it on level 3 of the Elven Halls)

   [ring of evasion]

   It affects your evasion (+4).
   It affects your strength (+6).
 Z - the amulet of Uvi Ohoo (around neck) {Reflect Str+4 SH+5}
   (You bought it in a shop on level 9 of the Dungeon)

   [amulet of reflection]

   It shields you and reflects attacks.
   It affects your strength (+4).
   It affects your SH (+5).
Wands
 h - a wand of teleportation (6/9)
 s - a wand of paralysis (6/24)
 u - a wand of teleportation (6/9)
 z - a wand of iceblast (10/15)
 F - a wand of polymorph (13/24)
 G - a wand of acid (7/15)
 H - a wand of digging (11/24)
 K - a wand of iceblast (1/15)
 U - a wand of digging (5/24)
 X - a wand of disintegration (0/24)
Scrolls
 i - 11 scrolls of remove curse
 m - 4 scrolls of fog
 n - 2 scrolls of magic mapping
 o - 5 scrolls of fear
 q - 21 scrolls of teleportation
 x - 3 scrolls of recharging
 y - 3 scrolls of enchant armour
 B - 6 scrolls of immolation
 J - 2 scrolls of enchant weapon
 P - a scroll of silence
 W - a scroll of blinking
Miscellaneous
 e - a plain deck of defence
 f - a disc of storms
 t - a box of beasts {used: 1}
 L - an ornate deck of war
 Y - a phial of floods


   Skills:
 + Level 15.1 Fighting
   Level 0.7(10.3) Short Blades
 * Level 15.4 Long Blades
 - Level 15.9 Armour
 - Level 16.1 Dodging
 - Level 0.7 Stealth
 - Level 5.0 Shields
 - Level 5.5 Spellcasting
 - Level 7.2 Translocations
 - Level 3.0 Evocations


You had 13 spell levels left.
You knew the following spells:

 Your Spells              Type           Power        Failure   Level  Hunger
a - Apportation           Tloc           ###.......   1%          1    N/A
b - Controlled Blink      Tloc           N/A          100%        8    N/A
c - Animate Dead          Necr           N/A          100%        4    N/A
d - Control Undead        Necr           #.........   100%        4    N/A

Dungeon Overview and Level Annotations

Branches:
Dungeon (15/15) Temple (1/1) D:4 Lair (8/8) D:11 Shoals (4/4) Lair:6 Spider (4/4) Lair:3 Orc (2/2) D:9 Elf (3/3) Orc:2 Vaults (0/5) D:12 D:13 Depths (4/5) D:15 Slime: Lair:6-8

Altars:
Ashenzari
Cheibriados
Dithmenos
Fedhas
Gozag
Makhleb
Pakellas
Qazlal
Ru
Sif Muna
Vehumet
Xom
Yredelemnul
The Shining One
Beogh

Shops:
D:9 [=   D:12 [   Orc:1 *}   Orc:2 [}[}   Elf:3 ([   Shoals:1 [[*[
Depths:3 [[

Portals:
Hell: Depths:2
Pandemonium: Depths:2

Annotations:
D:5 Dowan, Duvessa
D:7 skk's ghost, novice NaEn
D:11 Maud
D:12 Rupert
D:13 exclusion: downstairs
Lair:5 exclusion: 2 upstairs
Lair:7 exclusions: oklob plant and upstairs
Spider:2 exclusion: Roxanne, Roxanne


Innate Abilities, Weirdness & Mutations

You do not eat or drink.
Your flesh is vulnerable to fire.
You are immune to poison.
Your flesh is cold resistant.
You are immune to negative energy.
You are immune to unholy pain and torment.
You can survive without breathing.
You are in touch with the powers of death.
You can restore your body by infusing magical energy.


Message History

The lich points at you and mumbles some strange words.
The bolt of acid hits you!
The acid burns!
You slash the lich!
The lich is moderately damaged.
The lich closely misses you.
You slash the lich!
The lich is moderately damaged.
The lich points at you and mumbles some strange words.
The crystal spear hits you!
You slash the lich!
The lich is heavily damaged.
You slash the lich!
The lich is heavily damaged.
The lich completely misses you.
You slash the lich!
The lich is severely damaged.
The lich points at you and mumbles some strange words.
The crystal spear hits you!
You die...
Your body crumbles into a pile of gold.

########
#####.# #...#
#.. #.#. #.#
#!..# #####'##
#?#
#...######...#
#.#
#...'..=.'...#
#.#
##..######...#
#.# #..# ##'##
#.# #..## #.#)
#.# #..##..
#.#. #@# #.##
#...#.#' #L#
#. +...'.'. $
#.# #.
#######. #.#
## $$ ..# $
..# #.# $...


You could see a lich.

Vanquished Creatures
  Nikola (Shoals:2)
  Xtahua (Depths:3)
  A lich (Depths:2)
  A titan (Depths:2)
  Polyphemus (Shoals:2)
  5 deep elf blademasters (Elf:3)
  3 deep elf master archers (Elf:3)
  Frances (Shoals:2)
  Ilsuiw (Shoals:4)
  A tengu reaver (Depths:2)
  2 fire giants
  4 frost giants
  Louise (D:12)
  6 ghost moths (Spider:4)
  5 deep elf sorcerers (Elf:3)
  7 emperor scorpions
  2 orc warlords
  A deep elf elementalist (Elf:3)
  A stone giant (Depths:1)
  2 war gargoyles (Depths:2)
  A deep elf demonologist (Elf:3)
  Azrael (D:14)
  5 deep elf annihilators
  A lorocyproca (Depths:2)
  4 spark wasps (Depths:3)
  A minotaur (Lab)
  2 ettins
  4 deep elf death magi (Elf:3)
  2 fire dragons
  7 merfolk impalers
  4 merfolk javelineers
  A crystal guardian (Depths:2)
  3 deep elf high priests
  4 yaktaur captains (Depths:2)
  An ice dragon (shapeshifter) (Depths:2)
  3 entropy weavers
  2 fire dragons (shapeshifter) (Depths:2)
  A great orb of eyes (Depths:3)
  3 hydras
  3 ice dragons
  A catoblepas (shapeshifter) (Depths:2)
  2 spriggan air magi
  4 catoblepae
  2 ogre magi
  2 alligator snapping turtles (Shoals:4)
  3 merfolk aquamancers
  2 merfolk avatars
  A tengu warrior (D:11)
  A ghost crab (shapeshifter) (D:15)
  3 centaur warriors
  A satyr (Shoals:4)
  25 death yaks
  3 deep troll earth magi (Depths:2)
  4 orc high priests (Orc:2)
  A spriggan berserker (Depths:2)
  A shock serpent (shapeshifter) (Depths:4)
  14 deep elf knights
  2 skeletal warriors
  Urug (D:14)
  A fire crab (Depths:2)
  2 hell knights (Depths:2)
  3 deep trolls
  A salamander mystic (Depths:2)
  4 unseen horrors
  12 sea snakes
  A deep troll (shapeshifter) (Depths:2)
  A giant orange brain (Depths:1)
  3 hill giants
  Pikel (D:8)
  6 orc knights
  15 harpies
  10 orb spiders
  9 deep elf archers
  9 manticores
  6 fauns
  3 hornets
  2 orc sorcerers (Orc:2)
  6 cyclopes
  25 wolf spiders
  47 deep elf magi
  18 ugly things
  11 elephants
  9 griffons
  4 centaur zombies
  2 guardian serpents (shapeshifter) (Depths:2)
  5 sirens
  5 naga magi (Depths:2)
  3 torpor snails (Spider:4)
  8 black mambas
  A water nymph (Shoals:4)
  2 gargoyles
  10 spiny frogs
  2 efreet (Depths:2)
  5 rime drakes
  A yaktaur (D:14)
  7 komodo dragons
  10 demonic crawlers
  10 trolls
  22 jumping spiders
  The ghost of macross the Covert, a novice SpAs of Dithmenos (D:4)
  12 two-headed ogres
  2 polar bears
  6 boulder beetles
  8 blink frogs
  19 merfolk
  11 slime creatures
  7 snapping turtles
  A boulder beetle (shapeshifter) (D:15)
  A tarantella (shapeshifter) (Depths:2)
  26 tarantellas
  52 redbacks
  7 air elementals
  5 fire elementals
  10 water elementals
  3 wraiths
  4 wyverns
  13 humans
  A basilisk (Lair:7)
  28 yaks
  12 hippogriffs
  A chaos spawn (Depths:2)
  2 hungry ghosts
  A mottled dragon (Lair:6)
  A steam dragon (Lair:6)
  3 vampire mosquitoes (D:14)
  A soldier ant (D:14)
  7 wargs
  2 hell hounds (D:14)
  15 water moccasins
  9 porcupines
  55 orc warriors
  4 slaves
  A necrophage (D:8)
  2 ice beasts
  An eye of draining (D:11)
  2 wasps
  5 phantoms
  3 sky beasts
  A black bear (D:6)
  3 wolves (Lair:1)
  27 ogres
  3 boggarts (D:15)
  A tengu (shapeshifter) (D:15)
  8 centaurs
  13 crocodiles
  Blork the orc (D:6)
  9 big kobolds
  28 giant frogs
  2 wyvern zombies
  A gnoll sergeant (D:13)
  2 earth elementals (Elf:1)
  8 scorpions
  An elephant simulacrum (Depths:2)
  4 killer bees
  7 electric eels
  2 howler monkeys
  8 crimson imps
  3 giant frog zombies
  2 quasits
  2 hounds
  30 orc priests
  4 jellies
  24 orc wizards
  Crazy Yiuf (D:3)
  4 centaur skeletons
  3 giant frog skeletons
  9 iguanas
  Terence (D:2)
  10 worker ants
  15 sheep
  A hound zombie (D:7)
  9 adders
  7 gnolls
  36 river rats
  3 oozes (Sewer)
  An adder zombie (D:6)
  4 adder skeletons
  4 worms
  2 dart slugs
  3 giant geckos
  154 orcs
  13 bats
  9 giant cockroaches
  3 goblins
  2 hobgoblins (D:2)
  5 jackals
  11 ball pythons
  A ball python skeleton (D:6)
  A giant gecko zombie (D:5)
  6 giant newts
  17 kobolds
  13 rats
  2 fungi (Lair:7)
  2 plants
1365 creatures vanquished.

Vanquished Creatures (collateral kills)
  An oklob plant (Lair:7)
  A water nymph (Shoals:4)
  An orc warrior (D:11)
  An orc priest (D:11)
  6 orcs (D:11)
  A plant (Lair:7)
11 creatures vanquished.

Vanquished Creatures (others)
  A deep elf master archer (Elf:3)
  An emperor scorpion (Spider:4)
  A deep elf annihilator (Elf:3)
  2 merfolk javelineers (Shoals:4)
  2 deep elf high priests (Elf:1)
  14 dancing weapons
  2 deep elf archers (Elf:1)
  A cyclops (D:11)
  A faun (Shoals:2)
  A deep elf mage (Elf:2)
  A slime creature (D:15)
  A water elemental (Shoals:1)
  A giant frog (D:14)
  An electric eel (Elf:3)
  A hound zombie (D:8)
  An orc (D:14)
  A kobold (D:13)
  52 fungi
  6 plants
91 creatures vanquished.

Grand Total: 1467 creatures vanquished

Notes
Turn   | Place    | Note
--------------------------------------------------------------
     0 | D:1      | 4thArraOfDagon the Mummy Artificer began the quest for the Orb.
     0 | D:1      | Reached XP level 1. HP: 15/15 MP: 2/2
    38 | D:1      | lets go!
   220 | D:1      | Reached XP level 2. HP: 12/21 MP: 4/4
   426 | D:2      | Reached XP level 3. HP: 24/27 MP: 5/5
   523 | D:2      | Noticed Terence
   532 | D:2      | Killed Terence
   597 | D:2      | Reached XP level 4. HP: 28/35 MP: 6/6
   894 | D:4      | Noticed macross's ghost (novice SpAs)
  1044 | D:5      | Entered Level 5 of the Dungeon
  1053 | D:5      | Reached skill level 1 in Long Blades
  1082 | D:5      | Found a glowing drain.
  1086 | Sewer    | Entered a sewer
  1103 | Sewer    | Noticed a big kobold
  1127 | Sewer    | Killed a big kobold
  1127 | Sewer    | Reached skill level 1 in Armour
  1127 | Sewer    | Reached skill level 2 in Dodging
  1127 | Sewer    | Reached XP level 5. HP: 39/41 MP: 7/7
  1230 | Sewer    | Reached XP level 6. HP: 40/47 MP: 8/8
  1541 | Sewer    | Reached skill level 3 in Dodging
  1608 | Sewer    | Reached XP level 7. HP: 51/52 MP: 9/9
  1790 | D:4      | Found a staircase to the Ecumenical Temple.
  1803 | Temple   | Entered the Ecumenical Temple
  1818 | Temple   | Became a worshipper of Gozag Ym Sagoz the Greedy
  2053 | D:3      | Found a sacrificial altar of Ru.
  2953 | D:2      | BLOAX: soup
  2962 | D:2      | 4thArraOfDagon: soup
  3008 | D:2      | Found a deep blue altar of Sif Muna.
  3046 | D:2      | 4thArraOfDagon: GOZAGGIN
  3346 | D:3      | Noticed Crazy Yiuf
  3351 | D:3      | Killed Crazy Yiuf
  3499 | D:4      | Killed macross's ghost
  3499 | D:4      | Reached skill level 5 in Long Blades
  3499 | D:4      | Reached XP level 8. HP: 47/58 MP: 10/10
  3655 | D:4      | Found a stormy altar of Qazlal.
  3759 | D:5      | Noticed Duvessa
  3760 | D:5      | Noticed Dowan
  3781 | D:5      | Found a shattered altar of Ashenzari.
  3781 | D:5      | Found a radiant altar of Vehumet.
  3879 | D:5      | 4thArraOfDagon: goin to
  3879 | D:5      | 4thArraOfDagon: wathc
  3879 | D:5      | 4thArraOfDagon: session 9
  3879 | D:5      | 4thArraOfDagon: bbl
  3888 | D:5      | Found a glowing golden altar of the Shining One.
  4577 | D:8      | Noticed a troll
  4609 | D:8      | Killed a troll
  4824 | D:8      | Reached XP level 9. HP: 56/64 MP: 11/11
  4969 | D:8      | Noticed a troll
  4982 | D:8      | Killed a troll
  4982 | D:8      | Reached skill level 5 in Armour
  5144 | D:7      | Noticed Pikel
  5223 | D:9      | Found a stormy altar of Qazlal.
  5694 | D:8      | Killed Pikel
  6153 | D:7      | Noticed skk's ghost (novice NaEn)
  6190 | D:6      | Reached XP level 10. HP: 49/70 MP: 12/12
  6248 | D:5      | M4edhros: not speedrun?
  6432 | D:5      | 4thArraOfDagon: idk
  6432 | D:5      | 4thArraOfDagon: probably not
  6432 | D:5      | 4thArraOfDagon: but necessary!
  6626 | D:6      | Noticed Blork the orc
  6640 | D:6      | Killed Blork the orc
  6726 | D:7      | M4edhros: streak?
  6800 | D:6      | Found a shadowy altar of Dithmenos.
  6815 | D:6      | 4thArraOfDagon: yea i hope
  7156 | D:7      | Found a basalt altar of Yredelemnul.
  7654 | D:9      | Reached skill level 10 in Long Blades
  8328 | D:10     | Entered Level 10 of the Dungeon
  8520 | D:10     | Identified a scroll of acquirement
  8521 | D:10     | Got an encrusted demon blade
  8522 | D:10     | Identified the +3 demon blade of Earthquakes {venom, Str+2 Dex+7} (You acquired it on level 10 of the Dungeon)
  8555 | D:9      | Noticed a hill giant
  8584 | D:9      | Killed a hill giant
  8722 | D:9      | M4edhros: gj with weapon already
  8768 | D:9      | Found a staircase to the Orcish Mines.
  8791 | D:9      | Reached XP level 11. HP: 59/75 MP: 13/13
  8818 | D:9      | Bought a pair of jewelled boots for 266 gold pieces
  8818 | D:9      | Bought a faintly humming helmet for 266 gold pieces
  8828 | D:9      | Identified the +2 pair of boots "Buafol" {Str+6 Int-4} (You bought it in a shop on level 9 of the Dungeon)
  8833 | D:9      | Identified the +0 helmet "Seinwa" {Str+5 Int-3 Dex+10} (You bought it in a shop on level 9 of the Dungeon)
  8833 | D:9      | 4thArraOfDagon: interesting items
  8833 | D:9      | Bought a glowing buckler for 126 gold pieces
  8960 | D:10     | Reached skill level 1 in Shields
  9186 | D:11     | Learned a level 1 spell: Apportation
  9223 | D:11     | Noticed a white ugly thing
  9237 | D:11     | Killed a white ugly thing
  9312 | D:11     | Noticed Maud
  9312 | D:11     | Noticed a cyan ugly thing
  9446 | D:14     | Noticed Urug
  9478 | D:14     | Noticed Louise
  9653 | D:13     | Noticed a cyan ugly thing
  9672 | D:13     | Killed a white ugly thing
  9774 | D:13     | Noticed an orc knight
  9815 | D:13     | Noticed an orc knight
  9821 | D:13     | Killed an orc knight
  9943 | D:13     | Killed an orc knight
 10023 | D:13     | Noticed an eight-headed hydra
 10362 | D:11     | Noticed a death yak
 10362 | D:11     | Noticed a hill giant
 10402 | D:13     | Found a gate to the Vaults.
 10402 | D:13     | Noticed a skeletal warrior
 10418 | D:12     | Found Kixesch's Antique Armour Shoppe.
 10434 | D:12     | Bought a runed chain mail for 90 gold pieces
 10558 | D:12     | Noticed a brown ugly thing
 10578 | D:12     | Killed a purple ugly thing
 10578 | D:12     | Reached skill level 5 in Shields
 10689 | D:12     | M4edhros: i would pump some dodging
 10691 | D:12     | 4thArraOfDagon: yea
 10691 | D:12     | 4thArraOfDagon: thx
 10692 | D:12     | M4edhros: np
 10875 | D:11     | Found a roughly hewn altar of Beogh.
 11005 | D:11     | Reached XP level 12. HP: 79/81 MP: 14/14
 11026 | D:11     | Found a large runed door.
 11026 | D:11     | Found a large runed door.
 11047 | D:11     | Noticed a six-headed hydra
 11114 | D:11     | Found a large runed door.
 11114 | D:11     | Found a large runed door.
 11131 | D:11     | Noticed a tengu warrior
 11149 | D:11     | Killed a tengu warrior
 11149 | D:11     | Reached skill level 4 in Dodging
 11199 | D:11     | Noticed a centaur warrior
 11230 | D:11     | Killed a centaur warrior
 12208 | Orc:1    | Entered Level 1 of the Orcish Mines
 12407 | Orc:1    | Found Gooquk's Assorted Antiques.
 12460 | Orc:1    | Found Nisoig's Gadget Emporium.
 12562 | Orc:1    | Noticed an orc warlord
 12590 | Orc:1    | Reached skill level 5 in Fighting
 12636 | Orc:1    | Killed an orc warlord
 12636 | Orc:1    | Reached skill level 5 in Dodging
 12787 | Orc:2    | Entered Level 2 of the Orcish Mines
 13034 | Orc:2    | Found a roughly hewn altar of Beogh.
 13092 | Orc:2    | Found Jinicugg's Antique Armour Boutique.
 13103 | Orc:2    | Found Muevive Ilixt's Gadget Shop.
 13328 | Orc:2    | Gained mutation: You are in touch with the powers of death. [Mummy growth]
 13328 | Orc:2    | Gained mutation: You can restore your body by infusing magical energy. [Mummy growth]
 13328 | Orc:2    | Reached XP level 13. HP: 78/93 MP: 15/15
 13574 | Orc:2    | Found a staircase to the Elven Halls.
 13712 | Orc:2    | Noticed an orc warlord
 13744 | Orc:2    | Killed an orc warlord
 13925 | Orc:2    | Found a roughly hewn altar of Beogh.
 14300 | Orc:2    | Found Deogotz's Gadget Shop.
 14364 | Orc:2    | Reached skill level 10 in Fighting
 14377 | Orc:2    | Found Caont's Armour Shoppe.
 14598 | D:9      | Bought the amulet of Uvi Ohoo {Reflect Str+4 SH+5} for 565 gold pieces
 14598 | D:9      | Bought the ring "Jian" {*Contam +Fly rElec rC+ Dex+5} for 607 gold pieces
 14720 | D:11     | Found a staircase to the Lair.
 14898 | Lair:1   | Entered Level 1 of the Lair of Beasts
 15163 | Lair:1   | Got a shimmering scale mail
 15174 | Lair:1   | Identified the +2 scale mail of Baot {rF+ Stlth+} (You found it on level 1 of the Lair of Beasts)
 15656 | Lair:2   | Learned a level 8 spell: Controlled Blink
 15728 | Lair:3   | Found a hole to the Spider Nest.
 16008 | Lair:5   | Reached XP level 14. HP: 108/120 MP: 16/16
 16312 | Lair:5   | Got an ivory broad axe
 16334 | Lair:4   | Reached skill level 6 in Dodging
 16341 | Lair:4   | Identified the +1 broad axe of the Crypt {vamp, Int+3} (You found it on level 5 of the Lair of Beasts)
 16773 | Lair:4   | Reached skill level 7 in Dodging
 17273 | Lair:7   | Reached skill level 8 in Dodging
 17413 | Lair:6   | Found a staircase to the Shoals.
 17828 | Lair:7   | Reached skill level 9 in Dodging
 17946 | Lair:8   | Entered Level 8 of the Lair of Beasts
 17963 | Lair:8   | Found a labyrinth entrance.
 17972 | Lab      | Entered a labyrinth
 18692 | Lair:8   | Reached XP level 15. HP: 60/127 MP: 17/17
 18756 | Lair:8   | Reached skill level 10 in Dodging
 18894 | Lair:8   | Got a faintly humming cloak
 18896 | Lair:8   | Got a vibrating amber ring
 18897 | Lair:8   | Identified the +3 cloak of Amnutz {*Drain rC++ rN++} (You found it on level 8 of the Lair of Beasts)
 18909 | Lair:8   | Identified the ring "Fafyth" {*Tele rElec rC- Str+3} (You found it on level 8 of the Lair of Beasts)
 19040 | Lair:8   | Got an amethyst-encrusted scale mail
 19121 | Lair:8   | Reached skill level 10 in Armour
 19606 | Shoals:1 | Entered Level 1 of the Shoals
 19634 | Shoals:1 | Bought a scroll labeled TINLAK COY for 23 gold pieces
 19638 | Shoals:1 | Bought an ancient chain mail for 199 gold pieces
 19656 | Shoals:1 | Identified the +7 chain mail of Happiness {Regen+} (You bought it in a shop on level 1 of the Shoals)
 19666 | Shoals:1 | Identified the +2 scale mail of Filth {rF++} (You found it on level 8 of the Lair of Beasts)
 20135 | Shoals:2 | Noticed Nikola
 20177 | Shoals:2 | Noticed Frances
 20189 | Shoals:2 | Killed Nikola
 20189 | Shoals:2 | Reached skill level 11 in Dodging
 20202 | Shoals:2 | Killed Frances
 20801 | Shoals:4 | Entered Level 4 of the Shoals
 20893 | Shoals:4 | Reached XP level 16. HP: 116/134 MP: 18/18
 21044 | Shoals:4 | Reached skill level 12 in Dodging
 21401 | Shoals:4 | Noticed Ilsuiw
 21520 | Shoals:4 | Killed Ilsuiw
 21662 | Shoals:4 | Got a barnacled rune of Zot
 21744 | Shoals:2 | Noticed Polyphemus
 21782 | Shoals:2 | Killed Polyphemus
 21903 | Lair:6   | Reached skill level 13 in Dodging
 21982 | Spider:1 | Entered Level 1 of the Spider Nest
 22540 | Spider:4 | Entered Level 4 of the Spider Nest
 22701 | Spider:4 | Reached XP level 17. HP: 140/140 MP: 6/19
 22873 | Spider:2 | Noticed Roxanne
 22922 | Spider:3 | timbw: hmm
 22962 | Spider:3 | timbw: mummy amazing defenses xl 17
 23012 | Spider:4 | timbw: something tells me this is not you first rune
 23191 | Spider:4 | 4thArraOfDagon: yeah...
 23191 | Spider:4 | 4thArraOfDagon: look at my stats
 23201 | Spider:4 | Reached skill level 14 in Dodging
 23211 | Spider:4 | timbw: yeah
 23240 | Spider:4 | timbw: they are pretty good lol
 23397 | Spider:4 | minicreteconcrete: look at my stats
 23407 | Spider:4 | minicreteconcrete: my stats are amazing
 23471 | Spider:4 | Got a gossamer rune of Zot
 23803 | Spider:4 | 4thArraOfDagon: shut up woman, get on my stats
 24163 | Elf:1    | Entered Level 1 of the Elven Halls
 24192 | Elf:1    | minicreteconcrete: do you think so? Well I better not show you where the gold is made
 24255 | Elf:1    | Found a flickering gateway to a bazaar.
 24265 | Bazaar   | Entered a bazaar
 24265 | Bazaar   | Found Yruowoemi's Antique Armour Boutique.
 24272 | Bazaar   | Found Xakheuw's Gadget Emporium.
 24280 | Bazaar   | Bought a wand of teleportation (6/9) for 330 gold pieces
 24280 | Bazaar   | Found Rem Juakh's Distillery.
 24288 | Bazaar   | 4thArraOfDagon: ew that's dirty!
 24291 | Bazaar   | Found Xoigg's Antique Weapon Boutique.
 24304 | Bazaar   | Found Lokuimawk's General Store.
 24312 | Bazaar   | Bought a scroll of enchant weapon for 75 gold pieces
 24432 | Elf:1    | minicreteconcrete: Get on my horse, I'll take you round the Dungeon and all the other places too
 24459 | Elf:1    | minicreteconcrete: *stats :)
 24787 | Elf:2    | Reached skill level 15 in Dodging
 24798 | Elf:1    | Reached XP level 18. HP: 122/147 MP: 20/20
 24898 | Elf:1    | gammafunk: is 4tharra drunk right now?
 24956 | Elf:1    | minicreteconcrete: shut up gamma, get on his stats
 24957 | Elf:1    | 4thArraOfDagon: do you think so?
 24991 | Elf:1    | gammafunk: I think it's *possible*
 25029 | Elf:1    | 4thArraOfDagon: so i better now show...you...where my stats are made
 25144 | Elf:1    | Reached skill level 15 in Armour
 25396 | Elf:2    | minicreteconcrete: by the way, still selling concrete
 25408 | Elf:3    | Entered Level 3 of the Elven Halls
 25409 | Elf:3    | timbw: i am pretty drunk
 25417 | Elf:2    | gammafunk: yeah timbw, so you said
 25420 | Elf:3    | timbw: 4 liter 5.2 beer so far
 25425 | Elf:3    | gammafunk: sorry I didn't have music for you
 25453 | Elf:3    | timbw: but my tolerance is very low
 25458 | Elf:3    | Found Empaseen's Antique Weapon Emporium.
 25461 | Elf:3    | Bought a steaming long sword for 280 gold pieces
 25463 | Elf:3    | timbw: that might be nothing for you big fat fucks
 25472 | Elf:3    | Identified the +8 long sword "Hourirat" {drain, rElec rF+} (You bought it in a shop on level 3 of the Elven Halls)
 25473 | Elf:3    | timbw: for me it is plenty
 25661 | Elf:3    | Vidiiot: BIG
 25661 | Elf:3    | Vidiiot: FAT
 25661 | Elf:3    | Vidiiot: FUCKS
 25673 | Elf:3    | timbw: thats right
 25771 | Elf:3    | timbw: you must insult people at every opportunity, this is the internet
 25812 | Elf:3    | timbw: I have read some comments I know whats up
 25814 | Elf:3    | Noticed a Tzitzimitl
 25839 | Elf:3    | Vidiiot: hahah
 25882 | Elf:3    | minicreteconcrete: whoosh
 26120 | Elf:3    | Got a translucent bone ring
 26121 | Elf:3    | Identified the ring "Fiaf" {*Tele *Corrode rElec Str+8 Int-4} (You took it off a deep elf master archer on level 3 of the Elven Halls)
 26272 | Elf:3    | Reached skill level 1 in Translocations
 26277 | Elf:3    | timbw: man my, as in the swedish green party
 26287 | Elf:3    | Reached skill level 1 in Spellcasting
 26299 | Elf:3    | timbw: has been rockying out this week
 26301 | Elf:3    | timbw: about time
 26402 | Elf:3    | timbw: I have hated them since forever, but finally the left wing media has started looking at them
 26407 | Elf:3    | timbw: its fucking hilarious
 26407 | Elf:3    | Got a flickering copper ring
 26408 | Elf:3    | Identified the ring "Coumail" {rPois MR+ AC+4 Dex+2} (You found it on level 3 of the Elven Halls)
 26410 | Elf:3    | timbw: every day its some new asshole its just so much fun
 26416 | Elf:3    | timbw: and I have known about them all for years
 26424 | Elf:3    | Got a dazzling dagger
 26425 | Elf:3    | Identified the cursed +1 dagger of Gravity {venom, rN+ MP+9} (You found it on level 3 of the Elven Halls)
 26432 | Elf:3    | timbw: finally they are all getting kicked out
 26456 | Elf:3    | Vidiiot: Are you going to vote for the green party?
 26462 | Elf:3    | Got a steaming amber ring
 26469 | Elf:3    | Got a slimy marble ring
 26477 | Elf:3    | timbw: no
 26478 | Elf:3    | Identified the ring of Iklec {EV+4 Str+6} (You found it on level 3 of the Elven Halls)
 26480 | Elf:3    | Identified the ring of Fatigue {MP+9 Str+4} (You found it on level 3 of the Elven Halls)
 26483 | Elf:3    | timbw: not a chance
 26483 | Elf:3    | minicreteconcrete: orange then?
 26492 | Elf:3    | timbw: its so much fun
 26497 | Elf:3    | Vidiiot: Rofl
 26501 | Elf:3    | timbw: the green party were a "green party" back when they got voted in
 26506 | Elf:3    | Learned a level 4 spell: Animate Dead
 26506 | Elf:3    | Vidiiot: The green party sent a pamplent to London
 26511 | Elf:3    | Learned a level 4 spell: Control Undead
 26516 | Elf:3    | Vidiiot: It's like the'yre not even trying
 26518 | Elf:3    | Identified a +3 rod of inaccuracy (14/14) (You found it on level 3 of the Elven Halls)
 26522 | Elf:3    | Identified the Catalogue of Summoning
 26561 | Elf:3    | timbw: nowdays they only host radicial feminists and islamists
 26575 | Elf:3    | timbw: which dont go exactly hand in hand
 26597 | Elf:3    | timbw: but they have totally ignored it, and so has the media
 26597 | Elf:3    | timbw: until just this week
 26598 | Elf:3    | timbw: now a islamists asshole in the green party is getting explosed for what they are
 26598 | Elf:3    | timbw: and its fucking hilarious how they try to explain how it has gone unnoticed
 26598 | Elf:3    | Bought the +1 pair of gloves of Trumpets {-Cast MR++ Str+6} for 488 gold pieces
 26598 | Elf:3    | Bought a +1 buckler of protection for 264 gold pieces
 26623 | Elf:3    | Vidiiot: What country are you from timbw?
 26623 | Elf:3    | timbw: im talking people who wants women to not show their hair in public, not go un escorted etc that sort of stuff
 26623 | Elf:3    | timbw: sweden
 26623 | Elf:3    | Vidiiot: Yeah
 26623 | Elf:3    | Vidiiot: man
 26623 | Elf:3    | timbw: its so bizzare
 26623 | Elf:3    | Vidiiot: There media here (in england) covers anti-islam stuff too
 26635 | Elf:3    | Vidiiot: Like a woman here got gang raped recently
 26646 | Elf:3    | Vidiiot: By 11 immigrants
 26646 | Elf:3    | timbw: and funnu
 26646 | Elf:3    | timbw: funny
 26649 | Elf:3    | timbw: how swedish feminists
 26654 | Elf:3    | Vidiiot: An the medias told to be qiet about it
 26659 | Elf:3    | timbw: ally with islamists
 26661 | Elf:3    | Vidiiot: :/
 26673 | Elf:2    | timbw: but it just doesnt work out very well
 26679 | Elf:2    | Reached skill level 16 in Dodging
 26690 | Elf:2    | timbw: but they insist on doing it
 26706 | Elf:2    | timbw: its so much fun my god
 26737 | Elf:2    | Vidiiot: hahaha
 26763 | Elf:1    | Vidiiot: Feminists are just
 26775 | Elf:1    | Vidiiot: :/
 27060 | D:12     | timbw: in the effort of defending a fucking minster of housing
 27095 | D:12     | timbw: the green party leader called the 9/11 attacks a accident
 27153 | D:13     | Noticed Rupert
 27153 | D:13     | timbw: what the fuck does she hope to acheive with it idk
 27176 | D:14     | timbw: but its fucking hilarious the trainwreck
 27232 | D:14     | Killed Urug
 27235 | D:14     | Vidiiot: An accident/
 27237 | D:14     | Vidiiot: Hahaha wtf.
 27244 | D:14     | Vidiiot: "Oops"
 27252 | D:14     | Noticed Azrael
 27284 | D:12     | Killed Louise
 27409 | D:13     | Reached XP level 19. HP: 91/153 MP: 22/22
 27699 | D:14     | Killed Azrael
 28213 | D:15     | Entered Level 15 of the Dungeon
 28304 | D:15     | Found a staircase to the Depths.
 28317 | Depths:1 | Entered Level 1 of the Depths
 28569 | Depths:2 | Found a one-way gate leading to the halls of Pandemonium.
 28622 | Depths:2 | Reached skill level 5 in Translocations
 29169 | Depths:2 | Reached skill level 15 in Long Blades
 29367 | Depths:2 | Found a gateway to Hell.
 29398 | Depths:2 | Reached skill level 5 in Spellcasting
 29408 | Depths:2 | Noticed a lich
 29423 | Depths:2 | Killed a lich
 29520 | Depths:4 | Reached skill level 15 in Fighting
 29731 | Depths:3 | Got a polished buckler
 29736 | Depths:3 | Identified the +0 buckler "Ynlez" {rF+ rC- rN+ Str+4} (You found it on level 3 of the Depths)
 29809 | Depths:4 | Noticed Xtahua
 29823 | Depths:3 | Killed Xtahua
 29823 | Depths:3 | Reached XP level 20. HP: 130/162 MP: 28/28
 29839 | Depths:3 | Bought a slimy cloak for 408 gold pieces
 29841 | Depths:3 | Identified the +2 cloak of Tartarus {-Tele rF++ Dex+2 SInv} (You bought it in a shop on level 3 of the Depths)
 30036 | Depths:3 | Killed from afar by a lich

Vault maps used:
D:1:      elethiomel_arrival_infinity_welcomes_careful_drivers
D:2:      kennysheep_six_static_rooms, led_sif_pool, kennysheep_generic_room_7,
          uniq_terence
D:3:      lemuel_doored_altar, uniq_crazy_yiuf_cottage
D:4:      marbit_many_paths, minmay_temple_entry_junction, grunt_ministairs_9
D:5:      gammafunk_temple_overflow_wave, kennysheep_mini_moat,
          gup_sewer_entry_bowl, first_bread, uniq_duvessa
D:6:      nicolae_dithmenos_through_a_glass_darkly, uniq_blork_the_orc
D:7:      yredelemnul_altar_generic, uniq_pikel
D:8:      grunt_ogre_cave
D:9:      david_orc_2, special_room, grunt_qazlal_clouds
D:11:     dpeg_lair_monsters, minmay_hollow_rounded_squares, uniq_maud
D:12:     serial_shops, nicolae_shop_waterfront, kennysheep_minor_cross
D:13:     david_vaults_3
D:14:     minmay_blocking_statues, serial_bayou_shore_a, uniq_louise, uniq_urug,
          uniq_azrael
D:15:     gammafunk_enter_depths_forms, serial_bayou_pond_e, uniq_nessos
Temple:   eino_temple_water_12
Lair:1:   grunt_forest_small_clearings, beast_lair_carwin_11
Lair:2:   serial_bayou_shore_b, serial_bayou_shore_b, grunt_megastairs_4
Lair:3:   nicolae_spider_entry_tight_spaces, beast_lair_carwin_10
Lair:4:   eino_house_with_fridge
Lair:5:   beast_lair_carwin_large_3, serial_bayou_pond_b, grunt_megastairs_2
Lair:6:   elwin_shoals_entry_rocks, minmay_slime_entry_oklob_enclosed,
          st_stairs_5, guppyfry_lair_drakes
Lair:7:   dpeg_oklob_gauntlet
Lair:8:   evilmike_catoblepas_cave, lab_entry_generic, serial_bayou_pond_a,
          st_stairs_6, infiniplex_staircase_pool
Shoals:1: nicolae_shoals_circle_sea_wall
Shoals:2: uniq_polyphemus, uniq_frances, uniq_nikola
Shoals:4: shoals_end_grunt_ice, shoal_ilsuiw
Spider:2: uniq_roxanne
Spider:4: grunt_spider_rune_circles, nicolae_spider_stair_cavern
Orc:1:    serial_shops, nicolae_shop_waterfront, nicolae_shop_overgrown_old_shop
Orc:2:    pubby_orc_utopia
Elf:1:    hangedman_cross_stitches, serial_shops, bzr_entry_lakeside,
          kennysheep_underground_church, hex_medium, orc_legates
Elf:3:    minmay_elf_hall, serial_shops, shop
Depths:1: pf_coc_iceberg, kennysheep_big_empty_room,
          nicolae_abyss_entry_one_way_or_another, st_stairs_4,
          nemelex_diamond_rough_becter, roderic_lattice_octagonal_star
Depths:2: hangedman_crystal_crosses_colossus, hell_entry, pan_entry
Depths:3: cheibrodos_leafed_vault, serial_sigils_hangedman_gut,
          grunt_hell_entry_dis_old, grunt_pan_entry_in_and_out
Depths:4: grunt_twist_and_shout, enter_ziggurat_e, hellmouth_1, glass_columns_b,
          abyss_entry, kennysheep_generic_room_14, infiniplex_staircase_star,
          serial_bayou_shore_b, uniq_xtahua
Lab:      labyrinth_mini_lab
Bazaar:   bazaar_lake
Sewer:    sewer_co_tree

Skill      XL: |  1  2  3  4  5  6  7  8  9 10 11 12 13 14 15 16 17 18 19 |
---------------+----------------------------------------------------------+-----
Evocations     | 3 |  3.0
Fighting       | 2 3 5 14 15 | 15.1
Long Blades    | 1 2 3 5 7 9 11 12 13 14 15 | 15.4
Armour         | 1 2 3 4 6 7 8 9 11 13 14 15 | 15.9
Dodging        | 2 3 5 9 11 13 15 16 | 16.1
Shields        | 5 |  5.0
Translocations | 3 7 |  7.2
Spellcasting   | 2 5 |  5.5
Short Blades   | |  0.7
Stealth        | |  0.7

Action                   |  1- 3 |  4- 6 |  7- 9 | 10-12 | 13-15 | 16-18 | 19-21 || total
-------------------------+-------+-------+-------+-------+-------+-------+-------++-------
Melee: Dagger            |    92 |   211 |   456 |   315 |       |       |       ||  1074
       Short sword       |     7 |       |       |       |       |       |       ||     7
       Falchion          |       |       |    34 |       |       |       |       ||    34
       Long sword        |       |       |    20 |    62 |       |   401 |   809 ||  1292
       Demon blade       |       |       |       |   718 |  1515 |  1450 |       ||  3683
       Double sword      |       |       |       |       |       |       |     6 ||     6
Throw: Throwing net      |       |       |     1 |     2 |       |     4 |       ||     7
Invok: Call Merchant     |       |       |       |     1 |     5 |     1 |     2 ||     9
       Potion Petition   |       |       |       |       |       |     1 |       ||     1
 Abil: Evoke Flight      |       |       |       |       |     2 |     5 |       ||     7
       Stop Flying       |       |       |       |       |       |     1 |       ||     1
Evoke: Wand              |       |       |    40 |    34 |     8 |    18 |       ||   100
       Box of beasts     |       |       |       |       |       |     1 |       ||     1
  Use: Scroll            |     4 |     1 |     6 |     6 |    13 |    15 |     7 ||    52
 Stab: Sleeping          |     2 |       |       |       |       |       |       ||     2
       Paralysed         |       |       |     3 |       |       |       |       ||     3
       Distracted        |       |       |       |     6 |    20 |    12 |    11 ||    49
       Held in net/web   |       |       |       |     1 |       |     1 |       ||     2
       Petrified         |       |       |       |       |    13 |     9 |       ||    22
       Petrifying        |       |       |       |       |       |     2 |       ||     2
       Confused          |       |       |       |       |       |       |     2 ||     2
Armor: Leather armour    |    41 |       |       |       |       |       |       ||    41
       Chain mail        |     1 |   105 |   212 |   336 |   104 |   391 |   146 ||  1295
       Plate armour      |       |       |       |       |   192 |       |       ||   192
Dodge: Dodged            |    71 |    49 |   121 |   242 |   460 |   898 |   416 ||  2257
Block: Buckler           |       |       |       |   164 |   652 |   883 |   328 ||  2027
       Reflection        |       |       |       |    17 |    25 |    64 |    25 ||   131
